 Dungeon Crawl Stone Soup version 0.18.1-48-g4cf74bf (webtiles) character file.

195 Gargoyl the Skirmisher (level 5, 0/42 HPs)
             Began as a Demonspawn Abyssal Knight on Aug 21, 2016.
             Was a Believer of Lugonu.
             Slain by an iguana (6 damage)
             ... on level 3 of the Dungeon.
             The game lasted 00:04:46 (2928 turns).

Gargoyl the Skirmisher (Demonspawn Abyssal Knight)  Turns: 2928, Time: 00:04:47

Health: 0/42       AC: 13    Str:  9 (11) XL:     5   Next: 45%
Magic:  7/7        EV:  1    Int: 15 (16) God:    Lugonu [**....]
Gold:   152        SH:  0    Dex: 10 (12) Spells: 0 memorised, 4 levels left

rFire  . . .     SeeInvis .     a - +1 hand axe
rCold  . . .     Gourm    .     q - +0 plate armour
rNeg   . . .     Faith    .     (no shield)
rPois  .         Spirit   .     (no helmet)
rElec  .         Dismiss  .     o - +1 cloak
rCorr  .         Reflect  .     (no gloves)
SustAt .         Harm     .     (no boots)
MR     .....                    (no amulet)
Stlth  ..........               (no ring)
                                p - ring of loudness (curse)

@: not resistant to hostile enchantments, extremely unstealthy
A: claws 2, clever 1, demonic guardian 1, weak 1, rot immunity
a: Depart the Abyss, Bend Space, Renounce Religion


You were on level 3 of the Dungeon.
You worshipped Lugonu.
Lugonu was pleased with you.
You were near starving.

You visited 1 branch of the dungeon, and saw 3 of its levels.
You visited the Abyss 1 time.

You collected 152 gold pieces.

Inventory:

Hand Weapons
 a - a +1 hand axe (weapon)
 r - a +0 spear
Missiles
 j - 5 tomahawks (quivered)
Armour
 o - a +1 cloak (worn)
 q - a +0 plate armour (worn)
Jewellery
 p - a cursed ring of loudness (left claw)
Scrolls
 e - a scroll of random uselessness {unknown}
 g - a scroll of fog
 i - a scroll of fear
 m - 2 scrolls of identify
Potions
 d - a potion of mutation
Comestibles
 b - 4 meat rations
 c - 2 bread rations
 f - 6 fruits


   Skills:
 + Level 3.9 Fighting
 + Level 2.5 Axes
 * Level 3.9 Armour
 + Level 1.4 Dodging
 + Level 0.2 Stealth
 + Level 2.7 Invocations


You had 4 spell levels left.
You didn't know any spells.

Dungeon Overview and Level Annotations

Branches:
Dungeon (3/15)

Altars:
Yredelemnul
The Shining One


Innate Abilities, Weirdness & Mutations

You have very sharp fingernails.
A weak demonic guardian rushes to your aid.
You are immune to rotting.
Your mind is acute. (Int +2)
You are weak. (Str -2)


Message History

Your plate armour prevents you from hitting the iguana.
The iguana is lightly wounded.
The iguana bites you but does no damage.
Your plate armour prevents you from hitting the iguana.
The iguana is lightly wounded.
The iguana bites you!
* * * LOW HITPOINT WARNING * * *
You hit the iguana.
The iguana is moderately wounded.
The iguana bites you.
* * * LOW HITPOINT WARNING * * *
Your iron imp hits the iguana!
You closely miss the iguana.
The iguana is severely wounded.
The iguana bites you but does no damage. x2
You hit the iguana but do no damage.
The iguana is severely wounded.
Your iron imp hits the iguana but does no damage.
The iguana bites you.
You die...

##.##.........)#.#......
#..#...###....#.#...###
####......#.#..........#
..........#'#...).....##
#####.#............#<##
#.#..#...#..####.#
#.####...###..##.# #..
#._.##...##.# ###
#...##.@.##.#
######.l5##.# #......#
........ #(######... #.
.. #. . #.


You could see an iguana and a friendly iron imp.

Vanquished Creatures
  A human (D:3)
  An adder (D:2)
  6 worms
  6 giant cockroaches
  3 goblins
  A hobgoblin (D:2)
  4 jackals
  2 quokkas
  3 bats
  A giant newt (D:1)
  6 kobolds
  A kobold skeleton (D:3)
  3 rats
38 creatures vanquished.

Notes
Turn   | Place    | Note
--------------------------------------------------------------
     0 | Abyss:1  | Gargoyl the Demonspawn Abyssal Knight began the quest for the Orb.
     0 | Abyss:1  | Reached XP level 1. HP: 18/18 MP: 2/2
    85 | Abyss:1  | Noticed a thrashing horror
    88 | D:1      | Escaped the Abyss
   844 | D:2      | Reached skill level 1 in Dodging
   963 | D:2      | Reached * piety under Lugonu
   963 | D:2      | Gained mutation: You have sharp fingernails. [demonic ancestry]
   963 | D:2      | Reached XP level 2. HP: 24/24 MP: 3/3
   995 | D:2      | Found a glowing golden altar of the Shining One.
  1474 | D:2      | Gained mutation: You are immune to rotting. [demonic ancestry]
  1474 | D:2      | Reached XP level 3. HP: 24/29 MP: 4/4
  1952 | D:3      | Found a runed door.
  1952 | D:3      | Noticed a human
  1965 | D:3      | Found a basalt altar of Yredelemnul.
  2649 | D:3      | Reached ** piety under Lugonu
  2698 | D:3      | Gained mutation: You are weak. (Str -2) [potion of mutation]
  2698 | D:3      | Gained mutation: Your mind is acute. (Int +2) [potion of mutation]
  2706 | D:3      | Killed a human
  2706 | D:3      | Gained mutation: You have very sharp fingernails. [demonic ancestry]
  2706 | D:3      | Reached XP level 4. HP: 14/37 MP: 6/6
  2706 | D:3      | Gained mutation: A weak demonic guardian rushes to your aid. [demonic ancestry]
  2706 | D:3      | Reached XP level 5. HP: 16/42 MP: 7/7
  2928 | D:3      | Slain by an iguana

Skill      XL: |  1  2  3 |
---------------+----------+-----
Armour         | 2 3 |  3.9
Dodging        | 1 |  1.4
Axes           | 2 |  2.5
Fighting       | |  3.9
Stealth        | |  0.2
Invocations    | |  2.7

Action                   |  1- 3 |  4- 6 || total
-------------------------+-------+-------++-------
Melee: Hand axe          |   158 |    22 ||   180
Throw: Tomahawk          |       |     1 ||     1
Invok: Depart the Abyss  |     1 |       ||     1
  Use: Scroll            |     6 |       ||     6
       Potion            |     5 |       ||     5
  Eat: Chunk             |     4 |       ||     4
       Fruit             |     2 |       ||     2
Armor: Scale mail        |    50 |       ||    50
       Plate armour      |    45 |    18 ||    63
Dodge: Dodged            |    69 |     1 ||    70
